 Dungeon Crawl Stone Soup version 0.31-a0-174-g85c54bcb58 (webtiles) character file.

Game seed: 7094651072808825822

2 qw the Shooter (level 1, 0/19 HPs)
             Began as a Naga Hunter on June 15, 2023.
             Slain by a kobold
             ... wielding a +0 dagger
              (4 damage)
             ... on level 1 of the Dungeon.
             The game lasted 00:00:01 (65 turns).

qw the Shooter (Naga Hunter)                          Turns: 65, Time: 00:00:02

Health: 0/19       AC:  1    Str: 13    XL:     1   Next: 30%
Magic:  1/1        EV:  9    Int:  9    God:
Gold:   7          SH:  0    Dex: 14    Spells: 0/0 levels left

rFire   . . .        a - +0 shortbow
rCold   . . .        (shield currently unavailable)
rNeg    . . .        c - +0 leather armour
rPois   +            (no helmet)
rElec   .            (no cloak)
rCorr   .            (no gloves)
SInv    +            (no barding)
Will    .....        (no amulet)
Stlth   ++           (no ring)
HPRegen 0.23/turn    (no ring)
MPRegen 0.07/turn

%: no passive effects
@: short of breath, very slow
A: AC +0, large, see invisible, deformed body, poison resistance, slowness 2,
spit poison 1, naga tail 1
a: Spit Poison


You were on level 1 of the Dungeon.
You visited 1 branch of the dungeon, and saw 1 of its levels.

You collected 7 gold pieces.


Innate Abilities, Weirdness & Mutations

Your serpentine skin is tough. (AC +0)
You have supernaturally acute eyesight. (SInv)
Armour fits poorly on your strangely shaped body.
Your system is resistant to poisons. (rPois)
You cover ground very slowly.
You can spit poison.
You have a snake-like lower body.


   Skills:
 - Level 2.0 Fighting
 + Level 3.7 Ranged Weapons
 - Level 1.5 Dodging
 - Level 1.5 Stealth


You couldn't memorise any spells.
You didn't know any spells.
Your spell library was empty.

Inventory:

Hand Weapons
 a - a +0 shortbow (weapon)
Armour
 c - a +0 leather armour (worn)
Scrolls
 b - a scroll of butterflies
 d - a scroll of identify {unknown}
 f - a scroll of blinking {unknown}
Potions
 e - a potion of might {unknown}

Dungeon Overview and Level Annotations

Branches:
Dungeon (1/15)

Altars:


Message History

Press: ? - help, Shift-Dir - straight line, f - ball python The splash of poison hits the ball python!
You kill the ball python!
You have got your breath back. 3 kobolds come into view.
Found a frilled lizard skeleton.
The kobold shouts! x2; You hear a shout!
The kobold shouts!
A kobold comes into view. It is wielding a +0 dagger.
The kobold moves out of view.
58 ||| Stepping ~*~*~tactically~*~*~ (outnumbered).
59 ||| INVOKING Spit Poison.
Aiming: Spit Poison (3% risk of failure)
Press: ? - help, Shift-Dir - straight line, f - kobold The splash of poison misses the kobold.
You hear a shout!
You shoot an arrow. The arrow closely misses the kobold.
The arrow hits the kobold but does no damage.
The kobold hits something but does no damage.
You shoot an arrow. The arrow closely misses the kobold.
The arrow hits the plant but does no damage.
Something hits the plant.
The plant begins to die.
You shoot an arrow. The arrow barely misses the kobold.
A kobold comes into view. It is wielding a +0 short sword.
Something hits the plant.
The kobold hits you with a +0 club.
You shoot an arrow.
The arrow hits the kobold but does no damage.
The kobold hits you with a +0 club. The kobold completely misses you.
You shoot an arrow. The arrow hits the kobold.
The kobold is severely wounded.
You have got your breath back.
The kobold hits you with a +0 club. The kobold hits you with a +0 whip.
The kobold throws a stone.
The stone hits you but does no damage. The kobold hits you with a +0 club.
65 ||| INVOKING Spit Poison.
Aiming: Spit Poison (3% risk of failure)
Press: ? - help, Shift-Dir - straight line, f/p - kobold The splash of poison misses the kobold.
A nearby plant withers and dies.
The kobold misses you. The kobold hits you with a +0 dagger.
You die...

........ ....}...
.......) ........
####### ##########
#.....# ##..# #
#.###.# ...#######
###.###.## #.##......
#..KK@...####.##.#####
#.#.KK...........#
#.#########.#..# P..
#.....#


PP.. #........ #%.K ##.....### .... ##.#### 7...ยค #.# 7...K #.# You could see 4
kobolds.

Vanquished Creatures
  A ball python (D:1)
  A rat (D:1)
2 creatures vanquished.

Notes
Turn   | Place    | Note
-------+----------+-------------------------------------------
     0 | D:1      | qw the Naga Hunter began the quest for the Orb.
     0 | D:1      | Reached XP level 1. HP: 19/19 MP: 1/1
     0 | D:1      | 0 ||| qw: Version: 0.2-a-29-g511e9b1
     0 | D:1      | 0 ||| qw: Game counter: 5351
     0 | D:1      | 0 ||| qw: Always use a shield: true
     0 | D:1      | 0 ||| qw: God list: Okawaru
     0 | D:1      | 0 ||| qw: Allow faded altars: false
     0 | D:1      | 0 ||| qw: Do Orc after D:15 true
     0 | D:1      | 0 ||| qw: Do second Lair branch before Depths: true
     0 | D:1      | 0 ||| qw: Lair rune preference: random
     0 | D:1      | 0 ||| qw: Plans: Normal
     0 | D:1      | 0 ||| PLANNING D:1-11
    47 | D:1      | 47 ||| INVOKING Spit Poison.
    52 | D:1      | 52 ||| INVOKING Spit Poison.
    58 | D:1      | 58 ||| Stepping ~*~*~tactically~*~*~ (outnumbered).
    59 | D:1      | 59 ||| INVOKING Spit Poison.
    64 | D:1      | HP: 4/19 [kobold/+0 club (1)]
    65 | D:1      | 65 ||| INVOKING Spit Poison.
    65 | D:1      | Slain by a kobold

Levels and vault maps discovered:
D:1:      dpeg_arrival_lava_temple_mockup, layout_loops_corners,
          lexackson_kobold_supper

Action                     || total
---------------------------++-------
   Fire: Shortbow          ||     5
Ability: Spit Poison       ||     4
 Armour: Leather armour    ||     1
  Dodge: Dodged            ||     2

Table legend:
 A = Non-vault XP
 B = Vault XP
 C = Vault XP percentage of total XP
 D = Non-vault monster count
 E = Vault monster count
 F = Vault count percentage of total count
                 A         B        C        D         E       F
            +---------+---------+-------+---------+---------+-------
      Total |       3 |       0 |   0.0 |       2 |       0 |   0.0
            +---------+---------+-------+---------+---------+-------
        D:1 |       3 |       0 |   0.0 |       2 |       0 |   0.0
            +---------+---------+-------+---------+---------+-------
